 Dungeon Crawl Stone Soup version 0.29-a0-584-gb10a8bf730 (webtiles) character file.

Game seed: 3963279158338586283

440109 KristoblXynda the Draconian Blade (level 23, 0/211 HPs)
             Began as a Purple Draconian Gladiator on June 15, 2022.
             Was an Initiate of Gozag.
             Killed by an exploding vault guard (14 damage)
             ... ignited by their inner flame
             ... on level 5 of the Vaults.
             The game lasted 02:01:50 (69035 turns).

KristoblXynda the Draconian Blade (DrGl)           Turns: 69035, Time: 02:01:50

Health: 0/211      AC: 15    Str: 16    XL:     23   Next: 0%
Magic:  30/30      EV: 34    Int: 24    God:    Gozag
Gold:   9044       SH: 21    Dex: 20    Spells: 25/32 levels left

rFire   + . .      SeeInvis +   O - +8 demon blade "Leech" {vamp, Harm Drain rN+}
rCold   + + +      Faith    .   K - +1 kite shield of Eternal Night {Regen+ rCorr Int+3}
rNeg    + . .      Spirit   .   (body armour unavailable)
rPois   +          Reflect  +   X - +2 hat {SInv}
rElec   +          Harm     +   g - scarf {repulsion}
rCorr   +          Rampage  .   r - +0 pair of gloves of the Catamount {rPois Int+3 Dex-4 Slay+3}
Will    +++++                   h - +0 pair of boots of Spring {rElec rC++}
Stlth   +++++.....              x - amulet of reflection
HPRegen 1.25/turn               E - ring "Cekosixy" {rElec Will+ EV+4 Dex+3 SInv}
MPRegen 0.22/turn               S - ring "Wucise" {rPois EV+4 Dex+6 Slay+3}

@: about to teleport, resistant, gold aura, hasted, studying 2 skills, repel
missiles, very quick
A: breathe power, AC +11, unfitting armour, cold-blooded, horns 1, clever 1,
strong-willed 1, weak 1, wild magic 1
}: 2/15 runes: serpentine, barnacled
a: Breathe Dispelling Energy, Renounce Religion, Potion Petition, Call Merchant,
Bribe Branch


You were on level 5 of the Vaults.
You worshipped Gozag.
Gozag was greatly pleased with you.
You visited 10 branches of the dungeon, and saw 45 of its levels.
You also visited: Sewer and Ice Cave.

You collected 21905 gold pieces.
You spent 5980 gold pieces at shops.
You paid 6881 gold pieces to Gozag.

Inventory:

Hand Weapons
 O - the +8 demon blade "Leech" (weapon) {vamp, Harm Drain rN+}
   (You found it on level 5 of the Lair of Beasts)

   It heals its wielder for a portion of the damage dealt every time it strikes
   a living foe.
   rN:        It protects you from negative energy.
   Drain:     It drains your maximum health when unequipped.
   Harm:      It increases damage dealt and taken.
Missiles
 c - 2 throwing nets (quivered)
 j - 2 silver javelins
 s - 8 javelins
Armour
 g - a scarf of repulsion (worn)
 h - the +0 pair of boots of Spring (worn) {rElec rC++}
   (You found it on level 13 of the Dungeon)

   rC:        It greatly protects you from cold.
   rElec:     It insulates you from electricity.
 r - the +0 pair of gloves of the Catamount (worn) {rPois Int+3 Dex-4 Slay+3}
   (You acquired it on level 3 of the Elven Halls)

   Int:       It affects your intelligence (+3).
   Dex:       It affects your dexterity (-4).
   Slay:      It affects your accuracy & damage with ranged weapons and melee
   (+3).
   rPois:     It protects you from poison.
 K - the +1 kite shield of Eternal Night (worn) {Regen+ rCorr Int+3}
   (You took it off Asterion on level 2 of the Depths)

   Int:       It affects your intelligence (+3).
   Regen:     It increases your rate of health regeneration.
   rCorr:     It protects you from acid and corrosion.
 X - a +2 hat of see invisible (worn)
Jewellery
 x - an amulet of reflection (around neck)
 E - the ring "Cekosixy" (left hand) {rElec Will+ EV+4 Dex+3 SInv}
   (You bought it in a shop on level 6 of the Dungeon)

   [ring of evasion]

   EV:        It affects your evasion (+4).
   Dex:       It affects your dexterity (+3).
   rElec:     It insulates you from electricity.
   SInv:      It lets you see invisible.
   Will:      It increases your willpower.
 S - the ring "Wucise" (right hand) {rPois EV+4 Dex+6 Slay+3}
   (You bought it in a shop on level 1 of the Elven Halls)

   [ring of evasion]

   EV:        It affects your evasion (+4).
   Dex:       It affects your dexterity (+6).
   Slay:      It affects your accuracy & damage with ranged weapons and melee
   (+3).
   rPois:     It protects you from poison.
Wands
 a - a wand of digging (7)
 b - a wand of acid (6)
 v - a wand of iceblast (8)
 B - a wand of mindburst (15)
 H - a wand of paralysis (27)
Scrolls
 d - 2 scrolls of blinking
 f - 8 scrolls of summoning
 m - 16 scrolls of teleportation
 y - 5 scrolls of magic mapping
 C - 2 scrolls of immolation
 M - 4 scrolls of fog
 P - a scroll of amnesia
 R - 3 scrolls of enchant armour
 T - a scroll of poison
Potions
 i - 7 potions of invisibility
 k - 5 potions of magic
 l - 18 potions of curing
 n - 3 potions of lignification
 o - 5 potions of brilliance
 p - 4 potions of ambrosia
 z - 11 potions of flight
 A - 3 potions of cancellation
 F - 4 potions of haste
 I - a potion of resistance
 L - 4 potions of mutation
Miscellaneous
 e - a lightning rod (4/4)
 D - a box of beasts
 G - a condenser vane
 J - a box of beasts
 U - a tin of tremorstones (2/2)


   Skills:
 + Level 18.8 Fighting
 + Level 22.3 Long Blades
 - Level 5.9 Throwing
 + Level 20.2 Dodging
 - Level 10.1 Stealth
 - Level 15.4 Shields
 - Level 5.2 Spellcasting
 + Level 8.4 Necromancy
 - Level 12.9 Transmutations
 - Level 10.0 Evocations


You had 25 spell levels left.
You knew the following spells:

 Your Spells              Type           Power      Damage    Failure   Level
a - Wereblood             Tmut           73%        N/A       1%          2
b - Borgnjor's Vile Clut  Necr/Erth      17%        N/A       67%         5

Your spell library contained the following spells:

 Spells                   Type           Power      Damage    Failure   Level
 Beastly Appendage        Tmut           100%       N/A       1%          1
 Necrotize                Necr           100%       1d9       1%          1
 Sublimation of Blood     Necr           57%        N/A       1%          2
 Sting                    Tmut/Pois      100%       1d8       2%          1
 Blade Hands              Tmut           36%        N/A       3%          5
 Spider Form              Tmut/Pois      48%        N/A       5%          3
 Dispel Undead            Necr           57%        3d20      8%          4
 Ignite Poison            Fire/Tmut/Pois 34%        N/A       12%         3
 Ice Form                 Ice/Tmut       48%        N/A       16%         4
 Petrify                  Tmut/Erth      48%        N/A       16%         4
 Apportation              Tloc           16%        N/A       22%         1
 Magic Dart               Conj           32%        1d4       22%         1
 Shock                    Conj/Air       32%        1d5       22%         1
 Summon Small Mammal      Summ           32%        N/A       22%         1
 Ensorcelled Hibernation  Hex/Ice        16%        N/A       30%         2
 Poisonous Vapours        Pois/Air       16%        N/A       30%         2
 Scorch                   Fire           16%        2d6       30%         2
 Searing Ray              Conj           16%        2d5       30%         2
 Static Discharge         Conj/Air       8%         N/A       30%         2
 Anguish                  Hex/Necr       17%        N/A       34%         4
 Alistair's Intoxication  Tmut/Pois      32%        N/A       36%         5
 Irradiate                Conj/Tmut      24%        3d21      36%         5
 Yara's Violent Unravell  Hex/Tmut       24%        3d11      36%         5
 Call Canine Familiar     Summ           8%         N/A       50%         3
 Confusing Touch          Hex            8%         N/A       50%         3
 Conjure Flame            Conj/Fire      8%         6-21      50%         3
 Dazzling Flash           Conj/Hex       16%        N/A       50%         3
 Frozen Ramparts          Ice            16%        1d3       50%         3
 Gell's Gravitas          Tloc           8%         N/A       50%         3
 Portal Projectile        Hex/Tloc       16%        N/A       50%         3
 Stone Arrow              Conj/Erth      16%        3d8       50%         3
 Summon Guardian Golem    Hex/Summ       8%         N/A       50%         3
 Swiftness                Air            8%         N/A       50%         3
 Teleport Other           Tloc           8%         N/A       50%         3
 Tukima's Dance           Hex            8%         N/A       50%         3
 Death Channel            Necr           28%        N/A       67%         6
 Airstrike                Air            4%         N/A       88%         4
 Flame Wave               Conj/Fire      8%         2d5       88%         4
 Fulminant Prism          Conj/Hex       4%         3d6       88%         4
 Hailstorm                Conj/Ice       8%         3d4       88%         4
 Iskenderun's Mystic Bla  Conj/Tloc      8%         2d4       88%         4
 Olgreb's Toxic Radiance  Pois           8%         N/A       88%         4
 Sticky Flame             Conj/Fire      8%         2d3       88%         4
 Summon Ice Beast         Ice/Summ       8%         N/A       88%         4
 Summon Lightning Spire   Summ/Air       8%         N/A       88%         4
 Eringya's Noxious Bog    Tmut/Pois      24%        N/A       89%         6
 Statue Form              Tmut/Erth      32%        N/A       89%         6
 Iskenderun's Battlesphe  Conj           8%         2d6       99%         5
 Lee's Rapid Deconstruct  Erth           4%         3d6*      99%         5
 Lightning Bolt           Conj/Air       4%         1d15      99%         5
 Metabolic Englaciation   Hex/Ice        4%         N/A       99%         5
 Summon Forest            Summ/Tloc      4%         N/A       99%         5
 Summon Mana Viper        Hex/Summ       8%         N/A       99%         5
 Dispersal                Tloc           4%         N/A       100%        6
 Starburst                Conj/Fire      4%         6d3       100%        6
 Summon Cactus Giant      Summ           4%         N/A       100%        6
 Enfeeble                 Hex            4%         N/A       100%        7
 Haunt                    Necr/Summ      17%        N/A       100%        7
 Orb of Destruction       Conj           4%         9d5       100%        7
 Spellforged Servitor     Conj/Summ      4%         N/A       100%        7
 Summon Hydra             Summ           4%         N/A       100%        7
 Ignition                 Fire           4%         3d4       100%        8
 Infestation              Necr           28%        N/A       100%        8
 Lehudib's Crystal Spear  Conj/Erth      4%         10d3      100%        8
 Maxwell's Capacitive Co  Air            4%         ∞         100%        8
 Summon Horrible Things   Summ           4%         N/A       100%        8
 Chain Lightning          Conj/Air       4%         3d5       100%        9
 Fire Storm               Conj/Fire      4%         8d1       100%        9
 Shatter                  Erth           4%         3d7*      100%        9
 Animate Dead             Necr           Unusable   N/A       N/A         4
 Corpse Rot               Necr/Pois/Air  Unusable   N/A       N/A         4
 Animate Armour           Summ/Erth      Unusable   N/A       N/A         4
 Simulacrum               Ice/Necr       Unusable   N/A       N/A         6

Dungeon Overview and Level Annotations

Branches:
Dungeon (15/15)            Temple (1/1) D:6            Lair (6/6) D:10
 Shoals (4/4) Lair:2        Snake (4/4) Lair:4        Slime (0/5) Lair:6
    Orc (2/2) D:10            Elf (3/3) Orc:2        Vaults (5/5) D:14
  Crypt (0/3) Vaults:3     Depths (4/4) D:15           Hell (visited)
    Zot (0/5) Depths:4      Sewer (visited)           IceCv (visited)
    Dis: Hell:1         Geh: Hell:1         Coc: Hell:1         Tar: Hell:1

Altars:
Ashenzari
Cheibriados
Dithmenos
Elyvilon
Fedhas
Gozag
Hepliaklqana
Kikubaaqudgha
Makhleb
Nemelex Xobeh
Okawaru
Qazlal
Ru
Sif Muna
Trog
Uskayaw
Vehumet
Wu Jian
Xom
Yredelemnul
Zin
The Shining One
Beogh
Jiyva

Shops:
D:5 *   D:6 *   D:8 ?   D:12 [*   D:15 [[*[:?   Orc:2 ([[=(   Elf:1 *
Shoals:2 :   Snake:1 (   Snake:2 [=(   Vaults:1 =   Vaults:3 ([[   Depths:4 ?(

Portals:
Hell: Depths:1 Depths:2 Depths:3 Depths:4
Abyss: Depths:1 Depths:2
Pandemonium: Depths:2 Depths:3
Ziggurat: Depths:1
Trove: D:14 (give +2 gold dragon scales)

Annotations:
D:4 3 runed translucent doors, stillor's ghost, amateur DgTm
D:8 2 runed translucent doors, JosephDoom's ghost, novice TrWn
Lair:4 3 runed translucent doors, Konu's ghost, journeyman TeCj
Shoals:2 Mlioglotl
Elf:2 5 runed translucent doors


Innate Abilities, Weirdness & Mutations

You can breathe bolts of dispelling energy.
Your rich purple scales are hard. (AC +11)
You cannot fit into any form of body armour.
You are cold-blooded and may be slowed by cold attacks.
You have a pair of small horns on your head.
Your mind is acute. (Int +2)
You are strong-willed. (Will+)
You are weak. (Str -2)
Your spells are a little harder to cast, but a little more powerful.


Message History

The stone giant is severely wounded.
The vault guard explodes!
The fiery explosion engulfs the hellwing!!
You kill the hellwing!
The hellwing disappears in a puff of smoke!
The fiery explosion engulfs the vault guard!
The fiery explosion engulfs the stone giant!!
The fiery explosion engulfs the vault guard!!
The vault guard explodes!
The fiery explosion engulfs you! You resist.
* * * LOW HITPOINT WARNING * * *
The fiery explosion engulfs the vault guard!!
Flame seeps out of the vault guard.
The vault guard is moderately wounded.
The fiery explosion engulfs the vault guard!!
Flame seeps out of the vault guard.
The vault guard is severely wounded.
The fiery explosion engulfs the ironbound convoker!!!
The fiery explosion engulfs the vault guard!!!
The vault guard explodes!
The fiery explosion engulfs the vault guard!!
Flame seeps out of the vault guard.
The vault guard is severely wounded.
The fiery explosion engulfs the vault guard!! x2
Flame seeps out of the vault guard.
The vault guard is severely wounded.
The vault guard explodes!
The fiery explosion engulfs the vault guard!!
Flame seeps out of the vault guard.
The vault guard is severely wounded.
The fiery explosion engulfs you! You resist.
* * * LOW HITPOINT WARNING * * *
The fiery explosion engulfs the vault guard!!
The fiery explosion engulfs the vault guard!
Flame seeps out of the vault guard.
The vault guard is almost dead.
The vault guard explodes!
The fiery explosion engulfs you! You resist.
You die...
Your body crumbles into a pile of gold.

§§ #§§§☼#§§§☼§
#p§#☼☼§§#☼☼§§
§§.#§.§§#☼☼p
§§.D§.§§§☼$
##§☼1e§○§☼#####
§☼§§☼§§§°§§§§☼§
§§§.p§§§§p§§§§§
§☼..§§§@§§§☼§§§
§§§.pppp§°§§§§☼
##§§.pppp§#####
#§§☼☼☼§.§§§☼
#§§#§§Q.#§§§☼
§# #§§§§#pX###
#§§§§#§§§ $
#§§§§#§☼.§


You could see a tentacled monstrosity, a golden dragon, a Brimstone Fiend
(summoned), a vault warden (poisoned), a tengu reaver (very poisoned), 10 vault
guards, a hell knight (fast, inner flame, very poisoned), a deep elf
demonologist (inner flame, extremely poisoned) and an ironbound convoker
(wandering).

Vanquished Creatures
  A dread lich (Vaults:2)
  A royal mummy (Depths:2)
  A juggernaut (Depths:4)
  Geryon (Hell)
  Nikola (Snake:1)
  A golden dragon (Depths:3)
  A bone dragon (Depths:4)
  A tentacled monstrosity (Depths:3)
  3 liches
  Asterion (Depths:2)
  Murray (Depths:1)
  A quicksilver dragon (Vaults:4)
  2 deep elf blademasters (Elf:3)
  3 sphinxes
  3 deep elf master archers (Elf:3)
  Kirke (D:12)
  2 storm dragons (Depths:3)
  2 tengu reavers
  Frances (D:13)
  4 nagarajas
  A fenstrider witch (Shoals:1)
  6 deep elf sorcerers
  4 fire giants
  A balrug (Depths:2)
  An orc warlord (Vaults:3)
  12 vault wardens
  2 spectral juggernauts (Depths:2)
  5 frost giants
  3 deep elf elementalists (Elf:3)
  A caustic shrike skeleton (Hell)
  29 very ugly things
  21 ironbound preservers
  2 war gargoyles (Vaults:4)
  12 ironbound thunderhulks
  16 stone giants
  3 green draconians (Depths:4)
  2 entropy weavers
  3 deep elf demonologists
  A purple draconian (Depths:4)
  3 vampire knights
  19 dire elephants
  3 white draconians (Depths:4)
  A yellow draconian (Depths:4)
  A black draconian (Depths:4)
  10 deep elf annihilators
  A spectral titan (Depths:2)
  6 spark wasps
  5 ettins
  3 merfolk javelineers
  3 deep elf death magi
  6 fire dragons
  2 crystal guardians (Vaults:4)
  2 mummy priests (Depths:2)
  5 deep elf high priests (Elf:3)
  7 merfolk impalers
  12 great orbs of eyes
  16 vault guards
  2 peacekeepers (Vaults:4)
  10 yaktaur captains
  2 spectral tengu (Depths:2)
  A caustic shrike simulacrum (Hell)
  3 rakshasas
  4 salamander tyrants (Snake:4)
  5 ironbound frosthearts
  A catoblepas (Lair:6)
  3 boulder beetles
  6 anacondas
  2 hell beasts
  8 ice dragons
  12 hydras
  A spectral fire giant (Depths:2)
  4 spriggan air magi (Depths:4)
  A spriggan skeleton (Hell)
  A spectral frost giant (Depths:2)
  12 centaur warriors
  A spectral sphinx (Depths:2)
  19 naga warriors
  3 two-headed ogres
  6 merfolk avatars
  7 hell hogs
  2 merfolk aquamancers (Shoals:4)
  A tengu warrior (D:13)
  5 deep troll shamans
  4 satyrs
  A death yak (Lair:5)
  7 deep troll earth magi
  A shock serpent (shapeshifter) (D:13)
  2 vampire magi (Depths:2)
  4 shock serpents
  3 spriggan berserkers
  23 naga sharpshooters
  4 sun demons
  7 hell knights (Depths:3)
  13 deep elf knights
  Sonja (Orc:2)
  6 iron trolls
  2 soul eaters
  8 salamander mystics
  A deep troll (shapeshifter) (Depths:3)
  A shadow wraith (Vaults:4)
  A titan skeleton (Vaults:3)
  A storm dragon skeleton (Vaults:3)
  11 skeletal warriors
  2 spectral spark wasps (Depths:2)
  8 naga ritualists
  65 deep trolls
  A flayed ghost (Depths:1)
  11 sea snakes
  A spectral iron dragon (Depths:2)
  2 glowing orange brains
  16 ironbound convokers
  7 wizards
  13 deep elf archers
  An obsidian statue (Depths:2)
  6 phantasmal warriors
  16 deep elf pyromancers
  10 mana vipers
  34 ugly things
  23 deep elf zephyrmancers
  4 necromancers
  11 orc knights
  3 orc sorcerers
  14 lindwurms
  38 harpies
  A cyclops (shapeshifter) (Elf:2)
  5 cyclopes
  5 spectral spriggans (Depths:2)
  A tengu skeleton (Vaults:3)
  13 manticores
  10 fauns
  22 salamanders
  A moth of wrath (Lair:4)
  8 merfolk sirens
  2 rust devils (Depths:2)
  19 black mambas
  2 ice statues (IceCv)
  18 naga magi
  2 torpor snails
  7 human skeletons
  3 guardian serpents
  17 vault sentinels
  A stone giant skeleton (Vaults:3)
  A molten gargoyle (D:14)
  2 orange demons
  13 rime drakes
  10 water nymphs
  3 gargoyles
  A smoke demon (Hell)
  16 cane toads
  23 yaktaurs
  13 komodo dragons
  2 kobold demonologists
  2 freezing wraiths
  A demonic crawler (Lair:4)
  3 ice devils
  A hellwing (Depths:2)
  2 yaktaur skeletons (Vaults:3)
  An entropy weaver simulacrum (IceCv)
  An efreet (D:15)
  7 guardian mummies (Depths:2)
  A tengu conjurer (D:13)
  2 spectral glowing shapeshifters (Depths:2)
  4 trolls
  3 meliai (D:14)
  7 red devils
  20 merfolk
  3 polar bears
  Prince Ribbit (D:5)
  8 wind drakes
  4 hornets
  8 dream sheep
  Grinder (D:4)
  24 slime creatures
  7 snapping turtles
  A jumping spider (shapeshifter) (D:14)
  A vampire (D:14)
  Sigmund (D:3)
  2 shadows (D:12)
  3 air elementals
  2 spriggans
  5 basilisks
  4 wraiths
  28 yaks
  2 fire elementals
  27 water elementals
  5 wyverns
  A golden eye (shapeshifter) (D:13)
  10 steam dragons
  3 vampire mosquitoes (D:10)
  2 redbacks
  A chaos spawn (Depths:3)
  Edmund (D:5)
  56 nagas
  2 swamp worms (Lair:4)
  7 wargs (Orc:2)
  A swamp worm (shapeshifter) (Vaults:3)
  4 acid dragons
  9 hell hounds (Hell)
  14 water moccasins
  A floating eye (Depths:4)
  A floating eye (shapeshifter) (Vaults:4)
  A black bear (D:6)
  35 orc warriors
  2 ice beasts
  56 wolves
  5 ogres
  5 boggarts (Vaults:1)
  6 centaurs
  A phantom (D:6)
  10 kobold brigands
  11 bullfrogs
  Blork the orc (D:6)
  3 earth elementals
  A gnoll sergeant (D:9)
  4 scorpions
  3 necrophages
  5 killer bees (D:9)
  An orc simulacrum (Vaults:1)
  3 howler monkeys
  3 electric eels
  3 hounds
  4 jellies (D:6)
  19 orc priests
  Crazy Yiuf (D:6)
  Terence (D:2)
  17 orc wizards
  2 gnoll shamans
  3 iguanas
  Ijyb (D:3)
  A wolf simulacrum (IceCv)
  A polar bear simulacrum (IceCv)
  17 gnolls
  7 adders
  A river rat (D:5)
  A shadow imp (D:3)
  An ufetubus (D:4)
  2 worms
  4 dart slugs
  93 orcs
  8 endoplasms
  3 giant cockroaches
  5 goblins
  6 hobgoblins
  4 jackals (D:4)
  8 quokkas
  17 ball pythons
  6 bats
  5 frilled lizards
  36 kobolds
  15 rats
1745 creatures vanquished.

Vanquished Creatures (others)
  A spriggan skeleton (Hell)
  8 dancing weapons
  A deep elf knight (Elf:2)
  A spriggan simulacrum (Hell)
  A fenstrider witch simulacrum (Hell)
  An ugly thing (D:15)
  A centaur skeleton (Hell)
  A harpy skeleton (Hell)
  2 orcs (D:10)
  A creeping inferno (Hell)
  28 fungi
  94 plants
140 creatures vanquished.

Grand Total: 1885 creatures vanquished

Notes
Turn   | Place    | Note
-------+----------+-------------------------------------------
     0 | D:1      | KristoblXynda the Draconian Gladiator began the quest for
                  | the Orb.
     0 | D:1      | Reached XP level 1. HP: 17/17 MP: 1/1
   247 | D:1      | Reached XP level 2. HP: 24/25 MP: 2/2
   306 | D:1      | Found a faded altar of an unknown god.
  1248 | D:2      | Noticed Terence
  1258 | D:2      | Killed Terence
  1259 | D:2      | Reached XP level 3. HP: 6/30 MP: 3/3
  1817 | D:2      | Reached XP level 4. HP: 38/38 MP: 4/4
  2871 | D:3      | Noticed Ijyb
  2884 | D:3      | Killed Ijyb
  3087 | D:3      | Reached XP level 5. HP: 45/45 MP: 5/5
  3416 | D:3      | Noticed Sigmund
  3436 | D:3      | Killed Sigmund
  3437 | D:3      | Reached skill level 4 in Long Blades
  3437 | D:3      | Reached XP level 6. HP: 22/52 MP: 1/6
  3964 | D:4      | Found a runed translucent gate.
  3964 | D:4      | Found a runed translucent gate.
  3964 | D:4      | Found a runed translucent gate.
  3966 | D:4      | Found an opulent altar of Gozag.
  3968 | D:4      | Noticed a wyvern
  3968 | D:4      | Noticed stillor's ghost (amateur DgTm)
  3998 | D:4      | Found a snail-covered altar of Cheibriados.
  4637 | D:4      | Reached skill level 5 in Long Blades
  5069 | D:4      | Your scales start taking on a rich purple colour.
  5069 | D:4      | Reached XP level 7. HP: 54/60 MP: 5/7
  5167 | D:4      | Noticed Grinder
  5174 | D:4      | Killed Grinder
  5408 | D:5      | Entered Level 5 of the Dungeon
  5431 | D:5      | Reached skill level 5 in Fighting
  5460 | D:5      | Found Adufie's Overcharged Wands.
  5468 | D:5      | Reached skill level 6 in Long Blades
  5544 | D:5      | Found a glowing drain.
  5569 | Sewer    | Entered a sewer
  5766 | Sewer    | Reached skill level 5 in Dodging
  5766 | Sewer    | Reached XP level 8. HP: 62/69 MP: 6/8
  6298 | Sewer    | Reached skill level 7 in Long Blades
  6488 | D:5      | Noticed Edmund
  6500 | D:5      | Killed Edmund
  7197 | D:5      | Noticed Prince Ribbit
  7218 | D:5      | Killed Prince Ribbit
  7219 | D:5      | Reached skill level 8 in Long Blades
  7561 | D:6      | Found Buymeat's General Store.
  7649 | D:6      | Bought 2 potions of mutation for 176 gold pieces
  7654 | D:6      | Noticed Blork the orc
  7659 | D:6      | Killed Blork the orc
  7660 | D:6      | Reached XP level 9. HP: 71/78 MP: 9/9
  7715 | D:6      | Found a staircase to the Ecumenical Temple.
  7783 | Temple   | Entered the Ecumenical Temple
  8196 | Temple   | Became a worshipper of Gozag Ym Sagoz the Greedy
  8676 | D:6      | Noticed a kobold demonologist
  8692 | D:6      | Noticed a red devil
  8694 | D:6      | Noticed a sun demon
  8702 | D:6      | Reached skill level 9 in Long Blades
  8706 | D:6      | Killed a kobold demonologist
  9138 | D:6      | Found a sparkling altar of Nemelex Xobeh.
  9349 | D:6      | Found a runed translucent door.
  9350 | D:6      | Noticed Crazy Yiuf
  9367 | D:6      | Killed Crazy Yiuf
 10247 | D:8      | Found a large runed translucent door.
 10247 | D:8      | Found a large runed translucent door.
 10252 | D:8      | Noticed JosephDoom's ghost (novice TrWn)
 10276 | D:8      | Reached skill level 10 in Long Blades
 10824 | D:8      | Found Paotegi's Magic Scroll Emporium.
 10834 | D:8      | Bought a scroll of identify for 24 gold pieces
 10834 | D:8      | Bought a scroll of enchant armour for 90 gold pieces
 11264 | D:9      | Reached XP level 10. HP: 51/88 MP: 6/10
 12480 | D:10     | Entered Level 10 of the Dungeon
 12521 | D:10     | Reached skill level 1 in Shields
 12932 | D:10     | Noticed a gargoyle
 12947 | D:10     | Killed a gargoyle
 13606 | D:6      | Bought the ring "Cekosixy" {rElec Will+ EV+4 Dex+3 SInv}
                  | for 727 gold pieces
 13607 | D:6      | Bought a scroll of identify for 22 gold pieces
 13607 | D:6      | Bought a scroll of identify for 22 gold pieces
 13967 | D:10     | Reached skill level 11 in Long Blades
 13972 | D:10     | Found a staircase to the Orcish Mines.
 13972 | D:10     | Noticed an orc knight
 13992 | D:10     | Killed an orc knight
 14535 | D:10     | Found a staircase to the Lair.
 14967 | D:11     | Noticed a manticore
 14999 | D:11     | Killed a manticore
 15000 | D:11     | Reached XP level 11. HP: 30/97 MP: 5/11
 15459 | D:11     | Noticed a two-headed ogre
 15467 | D:11     | Killed a two-headed ogre
 16020 | D:11     | Noticed a two-headed ogre
 16032 | D:11     | Killed a two-headed ogre
 16033 | D:11     | Reached skill level 1 in Evocations
 16268 | D:11     | Reached skill level 10 in Fighting
 16783 | D:12     | Noticed a boulder beetle
 16811 | D:12     | Killed a boulder beetle
 16852 | D:12     | Found Voakh's Armour Emporium.
 16872 | D:12     | Bought a +2 pair of boots of stealth for 344 gold pieces
 17193 | D:12     | Noticed a six-headed hydra
 17206 | D:12     | Killed a six-headed hydra
 17207 | D:12     | Reached skill level 12 in Long Blades
 17260 | D:12     | Noticed Kirke
 17275 | D:12     | Killed Kirke
 17372 | D:12     | Found Hiuvuwn's Assorted Antiques.
 17774 | D:12     | Bought a scroll labelled DYDUHE CEIN for 29 gold pieces
 17774 | D:12     | Bought a wand of paralysis (4) for 58 gold pieces
 17774 | D:12     | Bought a scroll of magic mapping for 101 gold pieces
 17774 | D:12     | Bought 2 grey potions for 52 gold pieces
 17774 | D:12     | Bought a potion of curing for 87 gold pieces
 17838 | D:13     | Reached XP level 12. HP: 98/110 MP: 10/12
 17905 | D:13     | Gained mutation: You sometimes lose the ability to read
                  | scrolls when taking damage. [potion of mutation]
 17905 | D:13     | Gained mutation: Your magical capacity is low. (-10% MP)
                  | [potion of mutation]
 17905 | D:13     | Gained mutation: You are dopey. (Int -2) [potion of
                  | mutation]
 17905 | D:13     | Gained mutation: Your natural rate of healing is unusually
                  | fast. [potion of mutation]
 17906 | D:13     | Lost mutation: You are dopey. (Int -2) [potion of mutation]
 17906 | D:13     | Lost mutation: Your natural rate of healing is unusually
                  | fast. [potion of mutation]
 17906 | D:13     | Gained mutation: You possess an exceptional clarity of
                  | mind. [potion of mutation]
 17906 | D:13     | Gained mutation: Your body sometimes deteriorates upon
                  | taking damage. [potion of mutation]
 17907 | D:13     | Lost mutation: You sometimes lose the ability to read
                  | scrolls when taking damage. [potion of mutation]
 17907 | D:13     | Lost mutation: Your body sometimes deteriorates upon taking
                  | damage. [potion of mutation]
 17907 | D:13     | Lost mutation: Your magical capacity is low. (-10% MP)
                  | [potion of mutation]
 17907 | D:13     | Gained mutation: You sometimes lose the ability to read
                  | scrolls when taking damage. [potion of mutation]
 17907 | D:13     | Gained mutation: You are clumsy. (Dex -2) [potion of
                  | mutation]
 18046 | D:13     | Noticed a tengu warrior
 18066 | D:13     | Reached skill level 5 in Evocations
 18086 | D:13     | Killed a tengu warrior
 18500 | D:13     | Noticed a five-headed hydra
 18516 | D:13     | Killed a seven-headed hydra
 18700 | D:13     | Noticed a boulder beetle
 19044 | D:13     | Noticed a six-headed hydra
 19047 | D:13     | Noticed Frances
 19049 | D:13     | Killed a six-headed hydra
 19489 | D:13     | Identified the +0 pair of boots of Spring {rElec rC++}
 19607 | D:13     | Reached skill level 10 in Dodging
 19611 | D:13     | Killed a boulder beetle
 19834 | D:14     | Noticed a six-headed hydra
 19840 | D:14     | Killed a six-headed hydra
 20087 | D:14     | Reached skill level 13 in Long Blades
 20425 | D:14     | Noticed a two-headed ogre
 20443 | D:14     | You fall into a shaft and drop 1 floor!
 20443 | D:15     | Entered Level 15 of the Dungeon
 20551 | D:14     | Found a portal to a secret trove of treasure.
 20577 | D:14     | Killed a two-headed ogre
 20675 | D:14     | Noticed a naga warrior
 20707 | D:14     | Killed a naga warrior
 20708 | D:14     | Reached skill level 1 in Stealth
 21070 | D:14     | Found a hazy altar of Hepliaklqana.
 21070 | D:14     | Found a faded altar of an unknown god.
 21169 | D:14     | Found a gate to the Vaults.
 21169 | D:14     | Noticed an eight-headed hydra
 21182 | D:14     | Killed a 13-headed hydra
 21314 | D:14     | Noticed a four-headed hydra
 21361 | D:15     | Noticed a five-headed hydra
 21911 | D:15     | Reached XP level 13. HP: 56/118 MP: 9/13
 22830 | D:15     | Lost mutation: You are clumsy. (Dex -2) [potion of
                  | mutation]
 22830 | D:15     | Lost mutation: You possess an exceptional clarity of mind.
                  | [potion of mutation]
 22830 | D:15     | Gained mutation: You do not regenerate when monsters are
                  | visible. [potion of mutation]
 22830 | D:15     | Gained mutation: Your muscles are strong. (Str +2) [potion
                  | of mutation]
 23536 | D:15     | Found a staircase to the Depths.
 23625 | Depths:1 | Entered Level 1 of the Depths
 23774 | Depths:1 | Noticed a purple very ugly thing
 23775 | Depths:1 | Noticed a purple very ugly thing
 23775 | Depths:1 | Noticed a purple very ugly thing
 23775 | Depths:1 | Noticed a purple very ugly thing
 24089 | D:13     | Killed Frances
 24325 | Lair:1   | Entered Level 1 of the Lair of Beasts
 24994 | Lair:1   | Identified the ring of Xiroydgh {EV+4 Str+3 Int+4}
 25552 | Lair:2   | Found a frozen archway.
 25561 | IceCv    | Entered an ice cave
 25814 | IceCv    | Found a transporter.
 25826 | IceCv    | Found a transporter.
 25836 | IceCv    | Reached skill level 14 in Long Blades
 25846 | IceCv    | Reached skill level 5 in Stealth
 26257 | Lair:2   | Found a staircase to the Shoals.
 27324 | Lair:3   | Identified the ring "Qumoesuaw" {Drain rElec Int+6 Dex+2}
 27578 | Lair:3   | You fall into a shaft and drop 2 floors!
 27642 | Lair:5   | Reached XP level 14. HP: 97/126 MP: 11/14
 28083 | Lair:4   | Reached skill level 10 in Evocations
 28414 | Lair:4   | Found a staircase to the Snake Pit.
 29088 | Lair:4   | Found a runed translucent gate.
 29088 | Lair:4   | Found a runed translucent gate.
 29088 | Lair:4   | Found a runed translucent gate.
 29088 | Lair:4   | Noticed an azure jelly
 29088 | Lair:4   | Noticed an azure jelly
 29088 | Lair:4   | Noticed an acid blob
 29088 | Lair:4   | Noticed an azure jelly
 29089 | Lair:4   | Found a viscous altar of Jiyva.
 29089 | Lair:4   | Noticed a rockslime
 29089 | Lair:4   | Noticed an azure jelly
 29089 | Lair:4   | Noticed Konu's ghost (journeyman TeCj)
 29089 | Lair:4   | Noticed an azure jelly
 29090 | Lair:4   | Noticed an azure jelly
 29090 | Lair:4   | Noticed an acid blob
 29587 | Lair:5   | Identified the +6 ring mail of the Purple Skies {rF+}
 29744 | Lair:5   | Identified the +0 chain mail of the Devil's Team {Int+4}
 30057 | Lair:5   | Found the +8 demon blade "Leech" {vamp, Harm Drain rN+}
 30395 | Lair:6   | Entered Level 6 of the Lair of Beasts
 31923 | Lair:6   | Reached skill level 15 in Long Blades
 31928 | Lair:6   | Reached skill level 5 in Throwing
 32389 | Lair:6   | HP: 5/126 [wind drake/the air (10)]
 33357 | Lair:6   | Found a staircase to the Slime Pits.
 33358 | Lair:6   | Found a viscous altar of Jiyva.
 33468 | Lair:6   | Reached XP level 15. HP: 132/132 MP: 15/15
 34304 | Orc:1    | Entered Level 1 of the Orcish Mines
 34786 | Orc:2    | Entered Level 2 of the Orcish Mines
 34829 | Orc:2    | Noticed Sonja
 34838 | Orc:2    | Killed Sonja
 35560 | Orc:1    | Lost mutation: You do not regenerate when monsters are
                  | visible. [potion of mutation]
 35560 | Orc:1    | Lost mutation: Your muscles are strong. (Str +2) [potion of
                  | mutation]
 35560 | Orc:1    | Lost mutation: You sometimes lose the ability to read
                  | scrolls when taking damage. [potion of mutation]
 35560 | Orc:1    | Gained mutation: You are weak. (Str -2) [potion of
                  | mutation]
 36069 | Orc:2    | Found Yhucahu's Antique Weapon Boutique.
 36095 | Orc:2    | Found Ehiacso's Antique Armour Shop.
 36095 | Orc:2    | Found Cytar's Armour Emporium.
 36153 | Orc:2    | Found Udathad's Antique Weapon Shop.
 36153 | Orc:2    | Found Sixuleot's Jewellery Emporium.
 36243 | Orc:2    | Found a staircase to the Elven Halls.
 36769 | Snake:1  | Entered Level 1 of the Snake Pit
 37125 | Snake:1  | Found Roll's Weapon Shop.
 37199 | Snake:1  | Bought a throwing net for 45 gold pieces
 37909 | Snake:1  | Noticed Nikola
 37927 | Snake:1  | Killed Nikola
 37928 | Snake:1  | Reached skill level 16 in Long Blades
 38220 | Snake:2  | Found Vuddin's Armour Shoppe.
 38235 | Snake:2  | Found Ipsuudd's Jewellery Emporium.
 38237 | Snake:2  | Found Denumyat's Weapon Shoppe.
 38662 | Snake:2  | Reached skill level 10 in Stealth
 39669 | Snake:3  | Reached XP level 16. HP: 138/144 MP: 8/16
 39949 | Snake:3  | Reached skill level 5 in Shields
 41570 | Snake:4  | Entered Level 4 of the Snake Pit
 41753 | Snake:4  | Reached skill level 1 in Spellcasting
 42407 | Snake:4  | Reached skill level 17 in Long Blades
 42854 | Snake:4  | HP: 5/146 [nagaraja/bolt of poison (34)]
 43286 | Snake:4  | Reached XP level 17. HP: 152/152 MP: 24/24
 43359 | Snake:4  | Reached skill level 5 in Spellcasting
 43404 | Snake:4  | Got a serpentine rune of Zot
 43993 | D:15     | Bought a scroll of magic mapping for 98 gold pieces
 43993 | D:15     | Bought a pair of smouldering gloves for 266 gold pieces
 43993 | D:15     | Identified the +1 pair of gloves "Komujuycuymn" {*Corrode
                  | Dex+6} (You bought it in a shop on level 15 of the Dungeon)
 43993 | D:15     | Bought a wand of iceblast (3) for 112 gold pieces
 44039 | Depths:1 | Reached skill level 15 in Dodging
 44354 | Depths:1 | Noticed a lich
 44361 | Depths:1 | Killed a lich
 44367 | Depths:1 | Found a gateway to Hell.
 44478 | Depths:1 | Found a one-way gateway to a ziggurat.
 44717 | Depths:1 | Found a one-way gate to the infinite horrors of the Abyss.
 45985 | Shoals:1 | Entered Level 1 of the Shoals
 46458 | Shoals:1 | Reached skill level 18 in Long Blades
 47082 | Shoals:2 | Noticed Mlioglotl
 47088 | Shoals:2 | Noticed a lich
 47565 | Shoals:2 | Found Veakule's Book Boutique.
 47692 | Shoals:2 | Bought a manual of Transmutations for 1360 gold pieces
 47962 | Shoals:3 | Identified the +1 pair of gloves of Wiykaj {Dex+8}
 48398 | Shoals:3 | Reached skill level 15 in Fighting
 48561 | Shoals:3 | Reached skill level 10 in Shields
 48573 | Shoals:3 | Reached XP level 18. HP: 144/163 MP: 19/25
 48753 | Shoals:4 | Entered Level 4 of the Shoals
 49198 | Shoals:4 | Reached skill level 1 in Transmutations
 49717 | Shoals:4 | Got a barnacled rune of Zot
 50721 | Depths:2 | Reached skill level 5 in Transmutations
 50721 | Depths:2 | Gained mutation: Your flesh is heat resistant. (rF+) [a
                  | neqoxec]
 50724 | Depths:2 | Gained mutation: You tend to lose your temper in combat. [a
                  | neqoxec]
 50882 | Depths:2 | Lost mutation: Your flesh is heat resistant. (rF+) [potion
                  | of mutation]
 50882 | Depths:2 | Lost mutation: You are weak. (Str -2) [potion of mutation]
 50882 | Depths:2 | Gained mutation: You have sharp toenails. [potion of
                  | mutation]
 50882 | Depths:2 | Gained mutation: Your mind is acute. (Int +2) [potion of
                  | mutation]
 50882 | Depths:2 | Gained mutation: You are weak. (Str -2) [potion of
                  | mutation]
 50883 | Depths:2 | Lost mutation: You have sharp toenails. [potion of
                  | mutation]
 50883 | Depths:2 | Lost mutation: You tend to lose your temper in combat.
                  | [potion of mutation]
 50883 | Depths:2 | Gained mutation: You have a pair of small horns on your
                  | head. [potion of mutation]
 50883 | Depths:2 | Gained mutation: You are strong-willed. (Will+) [potion of
                  | mutation]
 50883 | Depths:2 | Gained mutation: Your spells are a little harder to cast,
                  | but a little more powerful. [potion of mutation]
 51618 | Depths:2 | Identified the +1 kite shield of Eternal Night {Regen+
                  | rCorr Int+3}
 51618 | Depths:2 | Noticed Asterion
 51618 | Depths:2 | Noticed a lich
 51630 | Depths:1 | Killed a lich
 51872 | Depths:2 | Killed Asterion
 51880 | Depths:2 | Reached skill level 19 in Long Blades
 52449 | Depths:2 | You fall into a shaft and drop 1 floor!
 52663 | Depths:3 | Noticed a tentacled monstrosity
 53064 | Depths:2 | Reached XP level 19. HP: 159/170 MP: 22/26
 53567 | Depths:2 | Noticed a royal mummy
 53580 | Depths:2 | Killed a royal mummy
 53983 | Depths:2 | Found a one-way gate leading to the halls of Pandemonium.
 54228 | D:15     | Bought a scroll of magic mapping for 42 gold pieces
 54228 | D:15     | Bought a scroll of blinking for 90 gold pieces
 54228 | D:15     | Bought a scroll of blinking for 90 gold pieces
 54497 | Depths:3 | Noticed a golden dragon
 54508 | Depths:3 | Killed a golden dragon
 54659 | Depths:3 | Reached skill level 10 in Transmutations
 55678 | Depths:4 | Entered Level 4 of the Depths
 55880 | Vaults:1 | Entered Level 1 of the Vaults
 56157 | Vaults:1 | Found Pahede's Jewellery Boutique.
 56236 | Vaults:1 | Bought an amulet of reflection for 600 gold pieces
 56296 | Vaults:1 | Reached skill level 20 in Long Blades
 57033 | Vaults:1 | Reached XP level 20. HP: 156/178 MP: 27/27
 57606 | Vaults:1 | Identified the +11 dagger "Qutabola" {drain, rF- Will+
                  | Int+3}
 58557 | Vaults:2 | Noticed a dread lich
 58566 | Vaults:2 | Killed a dread lich
 59090 | Vaults:2 | You fall into a shaft and drop 2 floors!
 59838 | Vaults:4 | Reached XP level 21. HP: 179/188 MP: 28/28
 59929 | Vaults:4 | Learned a level 2 spell: Wereblood
 59935 | Vaults:4 | Learned a level 5 spell: Borgnjor's Vile Clutch
 60103 | Vaults:4 | Reached skill level 15 in Shields
 60790 | Vaults:3 | Found Qeese's Antique Armour Boutique.
 60835 | Vaults:3 | Reached skill level 21 in Long Blades
 60998 | Vaults:3 | Found Vathroxisk's Antique Armour Shoppe.
 61121 | Vaults:3 | Reached skill level 1 in Necromancy
 61150 | Vaults:3 | Found a staircase to the Crypt.
 61870 | Vaults:3 | Found Diehaati's Antique Weapon Shoppe.
 62746 | Elf:1    | Entered Level 1 of the Elven Halls
 62844 | Elf:1    | Found Deihin's General Store.
 62862 | Elf:1    | Bought the ring "Wucise" {rPois EV+4 Dex+6 Slay+3} for 1448
                  | gold pieces
 62908 | Elf:1    | You fall into a shaft and drop 1 floor!
 62908 | Elf:2    | Found a huge runed translucent gate.
 62908 | Elf:2    | Found a huge runed translucent gate.
 62908 | Elf:2    | Found a huge runed translucent gate.
 62908 | Elf:2    | Found a huge runed translucent gate.
 62908 | Elf:2    | Found a huge runed translucent gate.
 63253 | Elf:2    | Identified the +4 chain mail of the Northern Lights {Int+2}
 63788 | Elf:1    | Reached XP level 22. HP: 200/200 MP: 29/29
 63876 | Elf:1    | Reached skill level 5 in Necromancy
 64628 | Elf:3    | Entered Level 3 of the Elven Halls
 64740 | Elf:3    | Paralysed by an air elemental for 1 turns
 65442 | Elf:3    | Got the Papyrus of the Scorching Oath
 65460 | Elf:3    | Identified the ring "Byneits" {Fly rC++ rN+}
 65490 | Elf:3    | Identified the +9 mace of Engoll {flame, Will+ Str+5 Int-4
                  | Stlth-}
 65504 | Elf:3    | Got Dispater's Collected Works on Conjuration and Creation
 65520 | Elf:3    | Identified a scroll of acquirement
 65614 | Elf:3    | Acquired the +0 pair of gloves of the Catamount {rPois
                  | Int+3 Dex-4 Slay+3}
 66164 | Hell     | Entered the Vestibule of Hell
 66164 | Hell     | Noticed Geryon
 66191 | Hell     | Killed Geryon
 66560 | Hell     | Noticed Murray
 66576 | Depths:2 | Reached skill level 22 in Long Blades
 66578 | Depths:2 | HP: 3/202 [hell hog/fireball (27)]
 67156 | Depths:1 | HP: 9/202 [??? (4)]
 67161 | Depths:1 | HP: 9/202 [??? (4)]
 67166 | Depths:1 | Killed Murray
 67757 | Depths:4 | Found Toujulig's Weapon Shoppe.
 67763 | Depths:4 | Found Luveit's Magic Scroll Emporium.
 68015 | Depths:4 | Bought a scroll of blinking for 97 gold pieces
 68096 | Depths:4 | Noticed a juggernaut
 68109 | Depths:4 | Killed a juggernaut
 68166 | Depths:4 | Found an ancient bone altar of Kikubaaqudgha.
 68361 | Depths:4 | Found a gate to the Realm of Zot.
 68481 | Depths:4 | Reached XP level 23. HP: 211/211 MP: 30/30
 69024 | Vaults:5 | Entered Level 5 of the Vaults
 69035 | Vaults:5 | Killed by an exploding vault guard... ignited by their
                  | inner flame

Illustrated notes

Levels and vault maps discovered:
D:1:      dpeg_arrival_pits, layout_loops_cross,
          chequers_ecumenical_altar_island, minmay_tromino_v4_b
D:2:      layout_basic, guppyfry_early_orc_mine, uniq_terence
D:3:      layout_basic, minmay_misc_feat_secret_circle, hangedman_decor_growths,
          minivault_19, hangedman_feature_mirror, uniq_ijyb, uniq_sigmund
D:4:      layout_loops_corners, cheibriados_altar_1, ebering_ghost_gozag,
          uniq_grinder
D:5:      layout_basic, portal_sewer_entry_a, nicolae_shop_overcharged_wands,
          uniq_edmund, uniq_prince_ribbit1
D:6:      layout_rooms, mainiacjoe_overflow_surrounded_room,
          minmay_temple_entry_grid, nicolae_stop_n_shop_2, kennysheep_dice,
          uniq_crazy_yiuf_cottage, uniq_blork_the_orc
D:7:      layout_cave_pools
D:8:      layout_basic, ebering_ghost_disaster_area, serial_shops,
          nicolae_shop_advertising_works [nicolae_subvault_shop_adworks],
          chequers_jeans
D:9:      layout_rooms
D:10:     layout_basic, lair_entry_dummy, erik_orc_2
D:11:     layout_cave_pods, serial_column_ruins, column_ruins_hut,
          column_ruins_square_medium, column_ruins_grid_2,
          column_ruins_columns_dead_end, column_ruins_open_tiny,
          column_ruins_grid_1, column_ruins_open_small, column_ruins_grid_1
D:12:     layout_irregular_city, serial_shops, nicolae_diamond_shop,
          nicolae_inconvenience_store, uniq_kirke
D:13:     layout_roguey, uniq_frances
D:14:     layout_big_octagon, david_vaults_4, amethyst_killhole, enter_trove_6,
          beargit_hepliaklqana_dungeon_heroes
D:15:     grunt_enter_depths_hoard, layout_basic, nicolae_two_hexagons,
          einodemon_armed_red_devil_minivault
Temple:   mainiacjoe_temple_cubbyholes
Lair:1:   layout_layer_cave
Lair:2:   layout_cave_pods, minmay_shoals_entry_centaurs,
          portal_ice_cave_entry_pillars_1, bobbens_dragon_lair_wall
Lair:3:   layout_layer_cave, grunt_forest_large_clearings, lemuel_fruit_tree,
          serial_bayou_shore_b
Lair:4:   layout_cave_pods, guppyfry_snake_entry_island, gammafunk_ghost_ooze,
          chequers_serial_rivers_large_a, worms_lemuel
Lair:5:   layout_misc_corridors, grunt_forest_large_clearing_hut
Lair:6:   gammafunk_lair_ancient_temple, layout_misc_corridors, slime_altar_1
Shoals:1: layout_shoals, nicolae_shoals_beach_house_on_fowls_legs
Shoals:2: layout_shoals, serial_shops, shop, lemuel_centaur_altar,
          uniq_mlioglotl
Shoals:3: layout_shoals, nicolae_shoals_water_elemental_grotto
Shoals:4: shoals_end_grunt_ice, layout_shoals
Snake:1:  layout_grid_shapes, serial_shops, shop_fountains, uniq_nikola
Snake:2:  layout_layer_cave, minmay_shop_star, grunt_megastairs_4
Snake:3:  layout_concentric_octagons, grunt_ministairs_14
Snake:4:  snake_pit, layout_cave_town
Orc:1:    layout_diamond_mine, basic_altar
Orc:2:    st_orc_town, layout_caves, serial_shops, nicolae_lakefront_shop,
          statue_in_the_mist_lemuel, uniq_sonja
Elf:1:    layout_onion_city, serial_shops, nicolae_diamond_shop,
          hangedman_corner_corridor
Elf:2:    elven_hall_of_blades_hangedman_alternative
          [nicolae_blade_entry_sentries_behind_glass], layout_onion_city,
          item_on_display_a
Elf:3:    minmay_elf_hall_quartered_circle, layout_loops_corners
Vaults:1: vaults_dpeg_ring, hangedman_vaults_river_flow, v_misc_31,
          v_alt_pattern_5, v_misc_5, v_misc_30, vaults_room_mumra_shop_pool,
          v_misc_2, grunt_vaults_focal, st_lattice, ontoclasm_vaults_gateway,
          layout_vaults_quadrants
Vaults:2: vaults_mumra_minichess, hangedman_vaults_stitches, st_squares,
          v_pattern_5, nicolae_vaults_ring_of_whatevers, vaults_dpeg_diagonal,
          nicolae_vaults_yaktaur_gun_rack, hangedman_vaults_nodes,
          hangedman_vaults_unwind, hangedman_vaults_corner_blocks,
          nicolae_vaults_little_squares_1, layout_vaults_maze_bifur
Vaults:3: vaults_room_fancy_cross, v_rooms_3, v_misc_2,
          nicolae_vaults_little_squares_3, v_misc_5, hangedman_vaults_maws,
          v_misc_3, vaults_room_hangedman_quadrants, hangedman_vaults_cutoff,
          minmay_crypt_entry_skeletal_spiral, ontoclasm_vaults_misaligned,
          layout_vaults_omnicross, serial_shops, shop,
          nicolae_shop_window_shopping, nicolae_shop_statue_plus
Vaults:4: vaults_room_corners, vaults_room_fours,
          nicolae_vaults_twisting_passages, nicolae_vaults_circle_grid_a,
          v_misc_8, ontoclasm_vaults_echo, ontoclasm_vaults_bender,
          vaults_room_door_ring, nicolae_vaults_windows_and_doors_thing,
          nicolae_vaults_network_quinsquares
          [nicolae_vaults_network_quincunx_subvault,
          nicolae_vaults_network_quincunx_subvault,
          nicolae_vaults_network_quincunx_subvault,
          nicolae_vaults_network_quincunx_subvault], ontoclasm_vaults_pinch,
          ontoclasm_vaults_eye, layout_vaults_ring
Vaults:5: serial_shops, uniq_sojobo, uniq_margery
Depths:1: layout_roguey, enter_ziggurat_b, abyss_entry, grunt_hell_entry_dis_mu,
          chequers_serial_rivers_marsh, kennysheep_just_a_vault,
          grunt_megastairs_3
Depths:2: lemuel_minitomb, layout_cave_pools, hangedman_abyss_entry_splay,
          rand_demon_pan_entry_7, minmay_tree_intersection, hell_entry,
          infiniplex_staircase_river, uniq_asterion
Depths:3: nicolae_BIG_FREAKIN_CUBE, layout_basic, marbit_kobold_abyss_entry,
          serial_bayou, serial_bayou_shore_b, serial_bayou_ford_a,
          serial_bayou_pond_b, serial_bayou_lagoon_a, serial_bayou_shore_b,
          grunt_pan_entry_zigzag, hell_entry
Depths:4: grunt_twist_and_shout, layout_basic,
          nicolae_kikubaaqudgha_miasma_corner, hell_entry, minmay_shoptagon,
          serial_bayou_shore_a
Hell

Skill      XL: |  1  2  3  4  5  6  7  8  9 10 11 12 13 14 15 16 17 18 19 20 21 22 |
---------------+-------------------------------------------------------------------+-----
Throwing       | 2 3 5 |  5.9
Dodging        | 3 4 5 6 7 8 9 10 11 12 13 14 15 16 17 18 19 20 | 20.2
Fighting       | 3 4 5 6 8 9 11 12 13 14 15 16 17 18 | 18.8
Long Blades    | 4 5 6 8 10 11 12 13 14 15 16 17 18 19 20 21 22 | 22.3
Shields        | 3 4 7 10 11 13 14 15 | 15.4
Evocations     | 4 7 9 10 | 10.0
Stealth        | 2 6 8 10 | 10.1
Spellcasting   | 4 5 |  5.2
Transmutations | 8 12 | 12.9
Necromancy     | 4 8 |  8.4

Action                   |  1- 3 |  4- 6 |  7- 9 | 10-12 | 13-15 | 16-18 | 19-21 | 22-24 || total
-------------------------+-------+-------+-------+-------+-------+-------+-------+-------++-------
Melee: Long sword        |    70 |   181 |   469 |   280 |       |       |       |       ||  1000
       Tailslap          |     6 |    22 |    65 |   119 |   279 |   320 |   531 |   133 ||  1475
       Punch             |       |       |     3 |     3 |       |       |       |       ||     6
       Scimitar          |       |       |       |   384 |  1216 |       |       |       ||  1600
       Demon blade       |       |       |       |       |   270 |  1732 |  2080 |   577 ||  4659
       Headbutt          |       |       |       |       |       |    99 |   774 |   192 ||  1065
Throw: Javelin           |       |     9 |    45 |    31 |       |       |       |       ||    85
       Throwing net      |       |       |     2 |     2 |     2 |     1 |     1 |       ||     8
 Cast: Wereblood         |       |       |       |       |       |       |     9 |     5 ||    14
Invok: Call Merchant     |       |       |       |       |     1 |     2 |     1 |     2 ||     6
       Potion Petition   |       |       |       |       |       |     1 |       |       ||     1
 Abil: Breathe Dispellin |       |       |     9 |     7 |     3 |       |       |       ||    19
Evoke: Wand              |       |       |       |    45 |    15 |     9 |       |     3 ||    72
       Condenser vane    |       |       |       |     1 |     3 |     2 |       |     1 ||     7
       Lightning rod     |       |       |       |       |     4 |       |       |       ||     4
  Use: Scroll            |       |     5 |    11 |    16 |    11 |     8 |     1 |     7 ||    59
       Potion            |       |       |     3 |     6 |    13 |     8 |     3 |     8 ||    41
 Stab: Sleeping          |     2 |     6 |       |     3 |    24 |    20 |    32 |     5 ||    92
       Paralysed         |       |       |       |    53 |     1 |     5 |       |       ||    59
       Distracted        |       |       |       |     2 |    12 |    29 |    27 |    11 ||    81
       Petrified         |       |       |       |       |     4 |       |       |       ||     4
       Held in net/web   |       |       |       |       |     2 |       |     5 |       ||     7
Armor: Skin              |    24 |    58 |   161 |   140 |   180 |   128 |   125 |    44 ||   860
Dodge: Dodged            |    50 |   113 |   341 |   430 |  1241 |  1386 |  1308 |   429 ||  5298
       Repelled          |       |       |       |       |     5 |    20 |    15 |     3 ||    43
Block: Buckler           |       |       |       |   120 |   445 |   599 |       |       ||  1164
       Kite shield       |       |       |       |       |       |    27 |  1517 |   508 ||  2052
       Reflection        |       |       |       |       |       |       |    66 |    25 ||    91

Table legend: (Time is in decaauts)
 A = Elapsed time spent in this place.
 B = Non-inter-level travel time spent in this place.
 C = Inter-level travel time spent in this place.
 D = Time resting spent in this place.
 E = Time spent auto-exploring this place.
 F = Levels seen in this place.
 G = Mean time per level.
                   A        B        C        D        E       F      G
               +--------+--------+--------+--------+--------+-----+--------+
         Total |  67954 |  63082 |   4872 |  17218 |  31515 |  47 | 1445.8 |
       Dungeon |  24663 |  22336 |   2327 |   7722 |  10301 |  15 | 1644.2 |
        Temple |    437 |    375 |     62 |      0 |    368 |   1 |  437.0 |
          Lair |   9366 |   8727 |    639 |   1797 |   5359 |   6 | 1561.0 |
        Shoals |   4392 |   4244 |    148 |    435 |   2542 |   4 | 1098.0 |
     Snake Pit |   6691 |   6446 |    245 |   1792 |   3272 |   4 | 1672.8 |
  Orcish Mines |   2381 |   2112 |    269 |    699 |    834 |   2 | 1190.5 |
   Elven Halls |   2921 |   2723 |    198 |      0 |   1848 |   3 |  973.7 |
        Vaults |   6327 |   6001 |    326 |    578 |   3550 |   5 | 1265.4 |
        Depths |   9318 |   8663 |    655 |   3954 |   2631 |   4 | 2329.5 |
          Hell |     44 |     44 |      0 |      0 |      0 |   1 |   44.0 |
         Sewer |   1057 |   1057 |      0 |      0 |    809 |   1 | 1057.0 |
      Ice Cave |    352 |    352 |      0 |    240 |      0 |   1 |  352.0 |
               +--------+--------+--------+--------+--------+-----+--------+

Top non-repeatable levels by time:
Depths:1: 3672 daAuts
    D:15: 2979 daAuts
    D:10: 2842 daAuts
Depths:2: 2820 daAuts
Vaults:1: 2201 daAuts
    D:14: 2084 daAuts
 Snake:3: 2029 daAuts
  Lair:6: 1916 daAuts
 Snake:4: 1868 daAuts
    D:12: 1843 daAuts
    D:13: 1780 daAuts
Depths:3: 1733 daAuts
    D:11: 1688 daAuts
  Lair:4: 1681 daAuts
     D:4: 1604 daAuts
